 Dungeon Sprint DCSS version 0.31.0 (webtiles) character file.

Game seed: 7971474523092614876

857 Turgor the Cleaver (level 7, -3/91 HPs)
             Began as a Demonspawn Gladiator on Jan 19, 2024.
             Was a Believer of Ru.
             Killed from afar by a deep elf knight (7 damage)
             ... with a lance of force
             ... in the Dungeon (Sprint V: "Ziggurat Sprint").
             The game lasted 00:09:22 (323 turns).

Turgor the Cleaver (Demonspawn Gladiator)            Turns: 323, Time: 00:09:22

Health: -3/91      AC: 28    Str: 28    XL:     7   Next: 70%
Magic:  0/7        EV:  6    Int:  8    God:    Ru [**....]
Gold:   0          SH: 13    Dex: 15    Spells: 6/6 levels left

rFire   + . .        u - +5 broad axe (vamp)
rCold   + . .        t - +3 buckler
rNeg    . . .        s - +5 gold dragon scales
rPois   +            c - +0 helmet
rElec   +            (no cloak)
rCorr   +            (no gloves)
SInv    .            (no boots)
Will    .....        (no amulet) Stlth
                     A - +6 ring of strength
HPRegen 0.35/turn    B - +6 ring of strength
MPRegen 0.10/turn

%: no teleportation
@: berserking (expiring), resistant, sanguine armoured, very quick
A: temperature sensitive, sanguine armour 1, condensation shield, demonic touch
1
a: Renounce Religion


You were in the Dungeon.
You worshipped Ru.
Ru was pleased with you.
You visited 1 branch

Inventory:

Hand Weapons
 u - a +5 vampiric broad axe (weapon)
 E - the +6 Majin-Bo {spellvamp, MP+6 Int+6}
   (You found it in the Dungeon)

   Int+6:     It affects your intelligence (+6).
   MP+6:      It affects your magic capacity (+6).
 F - the +10 dark maul {heavy}
   (You found it in the Dungeon)
 G - the +16 obsidian axe {drain, demonic, Mesm ^Drain Fly SInv}
   (You found it in the Dungeon)

   Mesm:      Its wielder is mesmerised by any visible foes, and it cannot be
   unequipped while any foes are visible.
   SInv:      It lets you see invisible.
   Fly:       It grants you flight.
   ^Drain:    It drains your maximum health when unequipped.
 J - the +7 great mace "Firestarter" {flame, immolate, rFlCloud rF++}
   (You found it in the Dungeon)

   rFlCloud:  It grants immunity to clouds of flame.
   rF++:      It greatly protects you from fire.
 K - the +6 shillelagh "Devastator" {shatter}
   (You found it in the Dungeon)
Missiles
 d - 3 throwing nets (quivered)
 e - a javelin
Armour
 c - a +0 helmet (worn)
 s - +5 gold dragon scales (worn)
 t - a +3 buckler (worn)
 H - the +15 Maxwell's patent armour {-Cast -Tele rElec Will+ rCorr}
   (You found it in the Dungeon)

   rElec:     It insulates you from electricity.
   Will+:     It increases your willpower.
   -Cast:     It prevents spellcasting.
   -Tele:     It prevents most forms of teleportation.
   rCorr:     It protects you from acid and corrosion.
 I - the +18 shield of the Gong {Loud rN+ Will+ rCorr EV-5}
   (You found it in the Dungeon)

   Loud:      It is deafeningly noisy when blocking attacks.
   EV-5:      It affects your evasion (-5).
   rN+:       It protects you from negative energy.
   Will+:     It increases your willpower.
   rCorr:     It protects you from acid and corrosion.
 L - a +3 chain mail of fire resistance
Jewellery
 v - a ring of flight
 w - a +6 ring of dexterity
 x - a +6 ring of dexterity
 y - a +6 ring of intelligence
 z - a +6 ring of intelligence
 A - a +6 ring of strength (left hand)
 B - a +6 ring of strength (right hand)
 N - a +4 ring of protection
 O - a ring of protection from fire
Wands
 C - a wand of mindburst (7)
 D - a wand of quicksilver (6)
 P - a wand of roots (5)
Scrolls
 k - 3 scrolls of blinking
 o - 4 scrolls of amnesia
 p - 7 scrolls of fog
 q - 5 scrolls of identify
 r - 2 scrolls of fear
Potions
 a - 2 potions of brilliance
 b - 2 potions of invisibility
 f - 9 potions of curing
 g - 6 potions of heal wounds
 h - 6 potions of haste
 i - 7 potions of magic
 j - a potion of berserk rage
 l - 3 potions of resistance
 m - a potion of experience
 n - 4 potions of might
Miscellaneous
 M - a lightning rod (4/4)


   Skills:
 + Level 7.9 Fighting
 * Level 10.3 Axes
 - Level 1.7 Throwing
 + Level 6.9 Armour
 - Level 2.6 Dodging
 + Level 6.8 Shields


You had 6 spell levels left.
You didn't know any spells.
Your spell library contained the following spells:

 Spells                   Type           Power      Damage    Failure   Level
 Scorch                   Fire           0%         2d5       100%        2
 Flame Wave               Conj/Fire      0%         2d4       100%        4
 Summon Cactus Giant      Summ           0%         N/A       100%        6


Dungeon Overview and Level Annotations

Branches:
Dungeon (1/1)

Altars:
Ashenzari
Cheibriados
Dithmenos
Fedhas
Gozag
Hepliaklqana
Kikubaaqudgha
Makhleb
Nemelex Xobeh
Okawaru
Qazlal
Ru
Sif Muna
Trog
Uskayaw
Vehumet
Wu Jian
Xom
Yredelemnul
Jiyva
Lugonu

Annotations:
D 1 transporter


Innate Abilities, Weirdness & Mutations

You are sensitive to extremes of temperature. (rF-, rC-)
When seriously injured, your blood forms armour. (AC +6)
A meltable shield of frost defends you. (SH +4)
Your touch may inflict minor irresistible damage on your foes.


Message History

You block the +3 flail of venom's attack.
The deep elf sorcerer hits you but does no damage.
The +2 antimagic halberd hits you but does no damage.
Unknown command.
You closely miss the +3 flail of venom.
The +3 flail of venom is moderately damaged.
You barely miss the deep elf knight. You slash the deep elf zephyrmancer!
You feel better.
You slice the deep elf sorcerer!!
You block the +3 flail of venom's attack.
The deep elf zephyrmancer hits you but does no damage.
The deep elf knight casts a spell.
The deep elf knight seems to speed up.
The deep elf sorcerer barely misses you.
You block the +2 antimagic halberd's attack.
The +3 flail of venom hits you but does no damage.
Unknown command.
You hit the +3 flail of venom but do no damage.
The +3 flail of venom is lightly damaged.
The deep elf knight blocks your attack.
You closely miss the deep elf zephyrmancer.
You slice the deep elf sorcerer!!
You feel better.
The deep elf knight points at you and mumbles some strange words.
The lance of force hits you!!!
* * * LOW HITPOINT WARNING * * *
You are knocked back by the lance of force.
You slam into the unnaturally hard rock wall!
* * * LOW HITPOINT WARNING * * *
You block the deep elf sorcerer's attack.
The +2 antimagic halberd hits you from afar!
* * * LOW HITPOINT WARNING * * *
The deep elf zephyrmancer hits you but does no damage.
You block the +3 flail of venom's attack.
Unknown command.
You closely miss the deep elf sorcerer.
The deep elf sorcerer is severely wounded.
You closely miss the deep elf knight. You slash the +3 flail of venom!
You closely miss the deep elf zephyrmancer.
The deep elf knight casts a spell at you.
The lance of force hits you!
You die...

▓..©..▓..©..▓▓▓▓▓▓▓
▓▓▓▓▓▓▓▓▓▓▓▓▓▓▓▓▓▓▓
▓..8©8...▓..8©8...▓
▓...=)...▓..):=...▓
▓...)....▓..:./...▓
▓........▓........▓
▓........▓..(.....▓
▓........▓.▓e(e.▓.▓
▓...©....▓...@e...▓
▓▓▓▓▓▓▓▓▓▓▓▓▓▓▓▓▓▓▓


You could see a deep elf sorcerer (fast), a deep elf knight (fast), a deep elf
zephyrmancer and 2 dancing weapons.

Vanquished Creatures
  2 tarantellas (D)
  A jumping spider (D)
  A hell hound (D)
  A phantom (D)
  A necrophage (D)
  An orc priest (D)
  An orc wizard (D)
  A shadow imp (D)
  2 orcs (D)
  A ball python zombie (D)
  A quokka zombie (D)
13 creatures vanquished.

Notes
Turn   | Place    | Note
-------+----------+-------------------------------------------
     0 | D        | Turgor the Demonspawn Gladiator began the quest for the
                  | Orb.
     0 | D        | Reached XP level 1. HP: 16/16 MP: 1/1
     7 | D        | Found a shimmering blue altar of Sif Muna.
     7 | D        | Found a sacrificial altar of Ru.
     7 | D        | Found a bloodstained altar of Trog.
     7 | D        | Found a stormy altar of Qazlal.
     7 | D        | Found an iron altar of Okawaru.
     7 | D        | Found a sparkling altar of Nemelex Xobeh.
     7 | D        | Found a blossoming altar of Fedhas.
     7 | D        | Found the +6 Majin-Bo {spellvamp, MP+6 Int+6}
     7 | D        | Found the +27 heavy crossbow "Sniper" {heavy, Acc+∞ SInv}
     7 | D        | Found the +10 dark maul {heavy}
     7 | D        | Found the +15 Maxwell's patent armour {-Cast -Tele rElec
                  | Will+ rCorr}
     7 | D        | Found the +18 shield of the Gong {Loud rN+ Will+ rCorr
                  | EV-5}
     7 | D        | Found the +16 obsidian axe {drain, demonic, Mesm ^Drain Fly
                  | SInv}
     7 | D        | Found the +7 great mace "Firestarter" {flame, immolate,
                  | rFlCloud rF++}
     7 | D        | Found the +6 shillelagh "Devastator" {shatter}
     7 | D        | Found the +11 plutonium sword {^Contam Stlth-}
     7 | D        | Found the +8 lance "Wyrmbane" {slay drac, rPois rF+ rC+
                  | AC+3}
     7 | D        | Found the +9 sword of Zonguldrok {reap}
     7 | D        | Found the +13 scythe of Curses {drain, curses, ^Drain}
     7 | D        | Found the +9 sword of Power {lifebolt}
     7 | D        | Found the +7 mace of Variability {chaos, chaos arc}
     7 | D        | Found the +11 Singing Sword {sonic wave}
     7 | D        | Found the +8 storm bow {elec, penet}
     9 | D        | Found a transporter.
     9 | D        | Found an ancient bone altar of Kikubaaqudgha.
     9 | D        | Found a viscous altar of Jiyva.
     9 | D        | Found a corrupted altar of Lugonu.
     9 | D        | Found a hazy altar of Hepliaklqana.
     9 | D        | Found a burning altar of Makhleb.
     9 | D        | Found an opulent altar of Gozag.
    56 | D        | Became a worshipper of Ru the Awakened
    64 | D        | Entered arena 2.
    64 | D        | Noticed a hell hound
    64 | D        | Found a transporter.
    68 | D        | Reached skill level 3 in Axes
    68 | D        | Reached skill level 1 in Armour
    68 | D        | Reached skill level 1 in Shields
    74 | D        | Killed a hell hound
    75 | D        | Reached skill level 6 in Axes
    75 | D        | Gained mutation: When seriously injured, your blood forms
                  | armour. (AC +6) [demonic ancestry]
    75 | D        | Reached XP level 2. HP: 26/26 MP: 2/2
    75 | D        | Reached XP level 3. HP: 31/31 MP: 3/3
    75 | D        | Gained mutation: Your touch may inflict minor irresistible
                  | damage on your foes. [demonic ancestry]
    75 | D        | Reached XP level 4. HP: 38/38 MP: 4/4
    94 | D        | Entered arena 3.
    94 | D        | Noticed a tarantella
    94 | D        | Noticed a tarantella
    94 | D        | Noticed a jumping spider
    94 | D        | Found a transporter.
   106 | D        | Killed a tarantella
   107 | D        | Reached skill level 8 in Axes
   107 | D        | Reached skill level 5 in Armour
   107 | D        | Reached skill level 5 in Shields
   107 | D        | Reached XP level 5. HP: 15/46 MP: 5/5
   107 | D        | Gained mutation: A meltable shield of frost defends you.
                  | (SH +4) [demonic ancestry]
   107 | D        | Reached XP level 6. HP: 17/52 MP: 6/6
   108 | D        | Killed a tarantella
   109 | D        | Reached skill level 9 in Axes
   110 | D        | Killed a jumping spider
   111 | D        | Reached XP level 7. HP: 11/60 MP: 7/7
   273 | D        | Entered arena 4.
   273 | D        | Found a transporter.
   285 | D        | Gained mutation: You are sensitive to extremes of
                  | temperature. (rF-, rC-) [Ru sacrifice]
   285 | D        | Reached * piety under Ru
   285 | D        | Reached ** piety under Ru
   289 | D        | Entered arena 5.
   289 | D        | Found a transporter.
   295 | D        | Reached skill level 10 in Axes
   313 | D        | Entered arena 6.
   313 | D        | Found the +8 demon trident "Rift" {distort, reach+}
   313 | D        | Noticed a +2 antimagic halberd
   313 | D        | Noticed a deep elf knight
   313 | D        | Noticed a deep elf zephyrmancer
   313 | D        | Noticed a deep elf sorcerer
   313 | D        | Noticed a +3 flail of venom
   313 | D        | Found a transporter.
   317 | D        | HP: 2/61 [+2 antimagic halberd (22)]
   322 | D        | HP: 3/91 [+2 antimagic halberd (14)]
   323 | D        | Killed from afar by a deep elf knight

Illustrated notes

Levels and vault maps discovered:
D:        sprint_v [room_start, room_1, room_2, room_3, room_4, room_5, room_6,
          room_7, room_8, room_9, room_10, room_11, room_12, room_13, room_14,
          room_15, room_16, room_17, room_18, room_19, room_20, room_21,
          room_22, room_23, room_24, room_25, room_26, room_27]

Skill      XL: |  1  2  3  4  5  6  7 |
---------------+----------------------+-----
Axes           | 6 8 9 10 | 10.3
Armour         | 3 5 6 |  6.9
Shields        | 3 5 6 |  6.8
Fighting       | 4 6 7 |  7.9
Throwing       | |  1.7
Dodging        | |  2.6

Action                     |  1- 3 |  4- 6 |  7- 9 || total
---------------------------+-------+-------+-------++-------
  Melee: Broad axe         |     8 |     6 |    19 ||    33
 Invoke: Sacrifice Resista |       |       |     1 ||     1
  Evoke: Wand              |       |     1 |       ||     1
    Use: Potion            |     1 |     4 |     4 ||     9
         Scroll            |       |     1 |     1 ||     2
 Armour: Gold dragon scale |     9 |    35 |    33 ||    77
  Dodge: Dodged            |       |     2 |     7 ||     9
  Block: Buckler           |     3 |     4 |    19 ||    26
